 Dungeon Crawl Stone Soup version 0.17.1-2-g5865329 (webtiles) character file.

121 KH9Zz the Grave Robber (level 4, -1/37 HPs)
             Began as a Deep Dwarf Necromancer on Jan 30, 2016.
             Slain by Grinder (2 damage)
             ... on level 4 of the Dungeon on Jan 31, 2016.
             The game lasted 01:00:12 (3579 turns).

KH9Zz the Grave Robber (Deep Dwarf Necromancer)     Turns: 3579, Time: 01:00:12

Health: -1/37      AC: 10    Str: 12    XL:     4   Next: 76%
Magic:  5/5        EV:  3    Int: 16    God:
Gold:   52         SH:  0    Dex: 13    Spells: 3 memorised, 1 level left

rFire  + . .     SeeInvis .     v - +1 falchion
rCold  . . .     Clarity  .     l - +0 plate armour
rNeg   . . .     SustAt   .     (no shield)
rPois  +         Gourm    .     (no helmet)
rElec  .         Spirit   .     (no cloak)
rCorr  .         Warding  .     (no gloves)
rMut   .         Stasis   .     (no boots)
MR     .....                    (no amulet)
Stlth  ..........               w - ring of protection from fire
                                h - ring of poison resistance

@: non-regenerating, not resistant to hostile enchantments, extremely unstealthy
A: damage resistance, recharge devices, sense surroundings 1, slow regeneration
3
a: Device Recharging


You were on level 4 of the Dungeon.
You were not hungry.

You visited 1 branch of the dungeon, and saw 3 of its levels.

You collected 52 gold pieces.

Inventory:

Hand Weapons
 d - a +0 short sword
 j - a +0 whip
 k - a +0 hand axe {ALLAH AXE}
 m - a +0 dagger
 v - a +1 falchion (weapon)
Missiles
 a - 61 stones
 r - 25 bolts (quivered)
 t - 11 arrows
Armour
 l - a +0 plate armour (worn)
 o - a +0 scale mail
Jewellery
 h - a ring of poison resistance (left hand)
 i - an uncursed ring of flight
 w - a ring of protection from fire (right hand)
Wands
 c - a wand of heal wounds (3)
Scrolls
 f - a scroll of enchant weapon
 n - a scroll of enchant armour {unknown}
 p - a scroll of amnesia
 s - a scroll of recharging {unknown}
 D - 2 scrolls of identify {unknown}
Potions
 e - a potion of cure mutation {unknown}
 g - a potion of lignification {unknown}
 q - a potion of mutation {unknown}
Books
 b - a book of Necromancy

   Spells                             Type                      Level
   a - Pain                           Necromancy                   1
   b - Animate Skeleton               Necromancy                   1
   c - Vampiric Draining              Necromancy                   3
   d - Regeneration                   Charms/Necromancy            3
   e - Animate Dead                   Necromancy                   4
   f - Control Undead                 Necromancy                   4


   Skills:
 - Level 0.6 Fighting
 + Level 2.5 Axes
 - Level 0.2 Armour
 - Level 3.2 Dodging
 - Level 2.4 Stealth
 - Level 1.7 Spellcasting
 + Level 5.2 Necromancy
 - Level 0.6 Evocations


You had one spell level left.
You knew the following spells:

 Your Spells              Type           Power        Failure   Level  Hunger
a - Pain                  Necr           ###.         100%        1    ##.....
b - Animate Skeleton      Necr           N/A          100%        1    ##.....
c - Vampiric Draining     Necr           ###.......   100%        3    ####...


Dungeon Overview and Level Annotations

Branches:
Dungeon (4/15)
 Temple: D:4-7

Altars:
Elyvilon

Annotations:
D:4 Grinder


Innate Abilities, Weirdness & Mutations

You are resistant to damage.
You can recharge devices by infusing magical energy.
You passively map a small area around you.
You do not regenerate naturally.


Message History

Grinder barely misses you. Grinder gestures at you.
You suddenly lose the ability to move!
Grinder hits you.
You writhe in agony.
You writhe in agony.
Grinder hits you.
You writhe in agony.
You can move again.
Grinder gestures at you. Pain shoots through your body!
* * * LOW HITPOINT WARNING * * *
Grinder gestures at you. You resist with some effort. Grinder gestures at you.
You struggle to resist.
Grinder says, "Wait up."
There is an open door here.
You see here a club.
Grinder gestures.
Grinder blinks!
Grinder hits you.
You die...

,* *,* *****,,,,,*
,******,*
*,,,,,**,,***
**,,,,*,*
*,***,**,,,,*
,,,,*,*,*
####+####***,*,*
***,*,*,* #.....).#
*,*,*
*,*,*,****#.......#
*,*,*
*,*,,,,,,,#...)...#
*,*,*
*,***,,,,,#.......#
*,*,* ***,*
****#.#)..@...#***,*,*
,,,,*
#.#..5....#,,,,,,*
,****
#.#.......#***,#** ,*
#.####)######*.# ,*
#.# #.##...##.#* ,*
#.# #.##...#^#,*# ,*
#.####.......##*.# ,*
***#.............#.#*
**
#......###........#*


You could see Grinder.

Vanquished Creatures
  An orc wizard (D:4)
  A worker ant (D:4)
  3 adders
  A giant gecko (D:2)
  An orc (D:4)
  4 bats
  4 giant cockroaches
  6 goblins
  6 hobgoblins
  6 kobolds
  4 giant newts
  A quokka (D:2)
  A rat (D:1)
39 creatures vanquished.

Notes
Turn   | Place    | Note
--------------------------------------------------------------
     0 | D:1      | KH9Zz the Deep Dwarf Necromancer began the quest for the Orb.
     0 | D:1      | Reached XP level 1. HP: 15/15 MP: 3/3
  1628 | D:1      | Learned a level 1 spell: Animate Skeleton
  1686 | D:1      | Reached XP level 2. HP: 22/24 MP: 4/4
  2443 | D:1      | Reached XP level 3. HP: 30/30 MP: 2/5
  2448 | D:1      | Learned a level 3 spell: Vampiric Draining
  3059 | D:2      | Reached skill level 1 in Axes
  3195 | D:2      | Found a white marble altar of Elyvilon.
  3372 | D:2      | You fall through a shaft for 2 floors!
  3396 | D:4      | Reached skill level 5 in Necromancy
  3396 | D:4      | Reached XP level 4. HP: 32/37 MP: 5/5
  3528 | D:4      | Noticed Grinder
  3543 | D:4      | Paralysed by Grinder for 4 turns
  3561 | D:4      | Paralysed by Grinder for 4 turns
  3568 | D:4      | HP: 1/37 [Grinder/nerve-wracking pain (11)]
  3579 | D:4      | Slain by Grinder

Action                   |  1- 3 |  4- 6 || total
-------------------------+-------+-------++-------
Melee: Unarmed           |   148 |       ||   148
       Hand axe          |   139 |       ||   139
       Falchion          |       |    28 ||    28
Throw: Stone             |    19 |     3 ||    22
 Cast: Pain              |     2 |       ||     2
       Animate Skeleton  |     2 |       ||     2
 Abil: Device Recharging |     1 |       ||     1
Evoke: Wand              |     4 |     2 ||     6
  Use: Scroll            |       |     4 ||     4
  Eat: Bread ration      |     2 |       ||     2
       Chunk             |     2 |       ||     2
